 Dungeon Crawl Stone Soup version 0.24-a0-528-g98e85ec62a (webtiles) character file.

Game seed: 9290729410871947409

136 Gargoyl the Skirmisher (level 4, -4/40 HPs)
             Began as a Centaur Abyssal Knight on Aug 5, 2019.
             Was a Believer of Lugonu.
             Slain by a worm (8 damage)
             ... on level 3 of the Dungeon.
             The game lasted 00:02:46 (2709 turns).

Gargoyl the Skirmisher (Centaur Abyssal Knight)     Turns: 2709, Time: 00:02:48

Health: -4/40      AC:  8    Str: 14    XL:     4   Next: 98%
Magic:  6/6        EV:  4    Int: 11    God:    Lugonu [**....]
Gold:   193        SH:  0    Dex: 10    Spells: 3/3 levels left

rFire    + . .     SeeInvis .   a - +1 hand axe
rCold    x . .     Gourm    .   (no shield)
rNeg     . . .     Faith    .   d - +1 chain mail {rPois}
rPois    +         Spirit   .   (no helmet)
rElec    .         Reflect  .   (no cloak)
rCorr    .         Harm     .   (no gloves)
MR       .....                  (no barding)
Stlth    ..........             (no amulet)
HPRegen  0.13/turn              f - ring of fire
MPRegen  0.10/turn              (no ring)

@: very quick
A: large, hooves 3, deformed body, speed 2, tough skin 3
a: Depart the Abyss, Bend Space, Renounce Religion


You were on level 3 of the Dungeon.
You worshipped Lugonu.
Lugonu was pleased with you.
You were not hungry.

You visited 1 branch of the dungeon, and saw 3 of its levels.
You visited the Abyss 1 time.

You collected 193 gold pieces.

Inventory:

Hand Weapons
 a - a +1 hand axe (weapon)
Missiles
 k - 8 silver boomerangs (quivered)
Armour
 d - a +1 chain mail of poison resistance (worn)
Jewellery
 f - a ring of fire (left hand)
Scrolls
 b - a scroll of teleportation
 g - a scroll of identify
 h - a scroll of remove curse
Potions
 e - a potion of ambrosia
 i - a potion of resistance {unknown}
 l - 4 potions of curing {unknown}
 m - a potion of invisibility {unknown}
 n - a potion of might {unknown}
 p - 2 potions of flight {unknown}
Comestibles
 c - 6 rations
 j - a chunk of flesh


   Skills:
 + Level 3.9 Fighting
 + Level 2.5 Axes
 * Level 2.1 Armour
 * Level 1.4 Dodging
 * Level 2.8 Invocations


You had 3 spell levels left.
You didn't know any spells.
Your spell library was empty.

Dungeon Overview and Level Annotations

Branches:
Dungeon (3/15)

Altars:


Innate Abilities, Weirdness & Mutations

You have hooves in place of feet.
Armour fits poorly on your strangely shaped body.
You cover ground very quickly.
You have extremely tough skin. (AC +3)


Message History

You see here a +0 flail.
Your chain mail prevents you from hitting the orc.
You hit the worm.
Your chain mail prevents you from hitting the giant cockroach.
The bat barely misses you.
The giant cockroach bites you but does no damage.
The orc priest invokes the aid of Beogh against you.
Beogh smites you!
* * * LOW HITPOINT WARNING * * *
A leopard gecko comes into view.
The giant cockroach bites you.
* * * LOW HITPOINT WARNING * * *
You hit the orc.
The orc is heavily wounded.
You hit the giant cockroach. You hit the bat.
You kill the bat!
Lugonu accepts your kill.
You hit the worm but do no damage. The giant cockroach barely misses you.
The worm bites you!
You die...

.... ..... ....
#.#.# # #...
#.#.#.# .
#...##.#.#.#<.
###......)...s..
.......ogoo.##.
......wosgr.l..
#.###.##@#
.......†.#
#.###...## ###.#
#.# #.########.
#..........
#..########
#..#########


You could see a worm, an orc priest, 3 orcs, a leopard gecko, 2 giant
cockroaches, a hobgoblin, a goblin and a rat.

Vanquished Creatures
  2 orc wizards (D:2)
  An adder (D:2)
  2 oozes (D:2)
  3 dart slugs
  2 leopard geckos (D:2)
  9 orcs
  A giant cockroach (D:2)
  8 goblins
  2 hobgoblins (D:2)
  3 jackals (D:2)
  A quokka (D:3)
  A ball python (D:3)
  4 bats
  3 frilled lizards
  5 kobolds
  2 rats (D:3)
49 creatures vanquished.

Notes
Turn   | Place    | Note
-------+----------+-------------------------------------------
     0 | Abyss:1  | Gargoyl the Centaur Abyssal Knight began the quest for the
                  | Orb.
     0 | Abyss:1  | Reached XP level 1. HP: 19/19 MP: 2/2
   115 | Abyss:2  | Noticed a tentacled starspawn
   116 | D:1      | Escaped the Abyss
   243 | D:1      | You fall into a shaft and drop 1 floor!
   316 | D:2      | Reached XP level 2. HP: 21/26 MP: 3/3
   397 | D:2      | Reached * piety under Lugonu
   421 | D:2      | Reached skill level 1 in Dodging
   421 | D:2      | Reached XP level 3. HP: 22/31 MP: 4/4
   440 | D:2      | Reached XP level 4. HP: 2/40 MP: 5/5
  2646 | D:3      | Reached ** piety under Lugonu
  2709 | D:3      | Slain by a worm

Levels and vault maps discovered:
D:1:      dpeg_arrival_rooms_a, layout_basic, dk_noncrumbling_3,
          serial_bayou_pond_c
D:2:      layout_basic, first_ration
D:3:      layout_loops_ring

Skill      XL: |  1  2  3  4 |
---------------+-------------+-----
Axes           | 2 |  2.5
Dodging        | 1 |  1.4
Armour         | 2 |  2.1
Fighting       | |  3.9
Invocations    | |  2.8

Action                   |  1- 3 |  4- 6 || total
-------------------------+-------+-------++-------
Melee: Hand axe          |    62 |    87 ||   149
       Kick              |    10 |    19 ||    29
Invok: Depart the Abyss  |     1 |       ||     1
  Use: Scroll            |       |     6 ||     6
  Eat: Ration            |       |     1 ||     1
       Chunk             |       |     1 ||     1
Armor: Chain mail        |    44 |    58 ||   102
Dodge: Dodged            |    15 |    14 ||    29

Table legend:
 A = Non-vault XP
 B = Vault XP
 C = Vault XP percentage of total XP
 D = Non-vault monster count
 E = Vault monster count
 F = Vault count percentage of total count
                 A         B        C        D         E       F
            +---------+---------+-------+---------+---------+-------
      Total |     195 |       0 |   0.0 |      49 |       0 |   0.0
            +---------+---------+-------+---------+---------+-------
        D:1 |      15 |       0 |   0.0 |       8 |       0 |   0.0
        D:2 |     149 |       0 |   0.0 |      27 |       0 |   0.0
        D:3 |      31 |       0 |   0.0 |      14 |       0 |   0.0
            +---------+---------+-------+---------+---------+-------
